 Dungeon Crawl Stone Soup version 0.31-a0-232-gb1c03b2570 (webtiles) character file.

Game seed: 9330045843749370858

99 qw the Shooter (level 4, -9/36 HPs)
             Began as a Minotaur Hexslinger on July 7, 2023.
             Killed by divine providence
             ... invoked by an orc priest
              (12 damage)
             ... on level 3 of the Dungeon.
             The game lasted 00:00:57 (1771 turns).

qw the Shooter (Minotaur Hexslinger)                Turns: 1771, Time: 00:00:58

Health: -9/36      AC:  5    Str: 15    XL:     4   Next: 45%
Magic:  4/4        EV: 12    Int: 10    God:
Gold:   159        SH:  0    Dex: 14    Spells: 4/5 levels left

rFire   + . .        Y - +1 sling
rCold   . . .        (no shield)
rNeg    . . .        c - +0 robe
rPois   .            (helmet restricted)
rElec   .            (no cloak)
rCorr   .            b - +1 pair of gloves
SInv    +            a - +0 pair of boots of Quech {rF+ Str+2 SInv Stlth+}
Will    .....        g - amulet of regeneration
Stlth   ++           (no ring)
HPRegen 1.06/turn    (no ring)
MPRegen 0.09/turn

%: no passive effects
@: about to teleport
A: horns 2, retaliatory headbutt
a: no special abilities


You were on level 3 of the Dungeon.
You visited 1 branch of the dungeon, and saw 3 of its levels.

You collected 159 gold pieces.


Innate Abilities, Weirdness & Mutations

You have a pair of horns on your head.
You reflexively headbutt those who attack you in melee.


   Skills:
 + Level 2.1 Fighting
 - Level 5.0 Ranged Weapons
 - Level 2.1 Dodging
 - Level 1.0 Spellcasting
 - Level 2.0 Hexes


You had 4 spell levels left.
You knew the following spells:

 Your Spells              Type           Power      Damage    Failure   Level
a - Slow                  Hex            16%        N/A       16%         1

Your spell library contained the following spells:

 Spells                   Type           Power      Damage    Failure   Level
 Inner Flame              Hex/Fire       2%         N/A       56%         3
 Portal Projectile        Hex/Tloc       4%         N/A       56%         3
 Cause Fear               Hex            2%         N/A       83%         4

Inventory:

Hand Weapons
 Y - a +1 sling (weapon)
Armour
 a - the +0 pair of boots of Quech (worn) {rF+ Str+2 SInv Stlth+}
   (You acquired it on level 2 of the Dungeon)

   Str:       It affects your strength (+2).
   rF:        It protects you from fire.
   SInv:      It lets you see invisible.
   Stlth:     It makes you more stealthy.
 b - a +1 pair of gloves (worn)
 c - a +0 robe (worn)
Jewellery
 g - an amulet of regeneration (around neck)
Scrolls
 e - a scroll of identify
Potions
 h - a potion of brilliance {unknown}

Dungeon Overview and Level Annotations

Branches:
Dungeon (3/15)

Altars:
Sif Muna

Annotations:
D:3 1 runed translucent door, Crazy Yiuf


Message History

The orc priest is moderately wounded.
You shoot a sling bullet. The sling bullet hits the orc.
The orc is almost dead.
The orc hits you with a +2 short sword of venom.
You are poisoned.
You shoot a sling bullet. The sling bullet hits the orc.
You kill the orc!
You feel very sick.
You shoot a sling bullet.
The sling bullet hits the orc priest but does no damage.
The orc priest is moderately wounded.
You feel sick.
The orc priest mumbles some strange prayers to Beogh against you.
Beogh smites you!
You shoot a sling bullet. The sling bullet hits the orc priest.
The orc priest is heavily wounded.
You feel sick.
The orc priest looks braver for a moment.
The orc priest mumbles some strange prayers to Beogh against you.
You barely resist. You shoot a sling bullet.
The sling bullet closely misses the orc priest.
You feel sick. The orc priest barely misses you. You furiously retaliate!
You headbutt the orc priest. You shoot a sling bullet.
The sling bullet barely misses the orc priest.
You feel sick.
The orc priest calls down the wrath of Beogh upon you.
Beogh smites you!
1770 ||| READING scroll of teleportation.
As you read the scroll of teleportation, it crumbles to dust.
You feel strangely unstable.
You feel sick. The orc priest barely misses you.
You shoot a sling bullet.
The sling bullet completely misses the orc priest.
You feel sick.
You are no longer poisoned.
The orc priest calls down the wrath of Beogh upon you.
Beogh smites you!
You die...

#....####'### #....#
#...# #....# ###.# ##
#.## ##
######..######## #..
#..)...........# #.oo
#..............#
##....#.))...........#
.o....o.......o@>....#
##....#..............#
#....#.....)........##
#...
#...............###
###
#.................#
#################.#
#.# 77777##.## ###
777.7...#..#


You could see an orc priest.

Vanquished Creatures
  3 adders
  A worm (D:2)
  A dart slug (D:2)
  4 orcs (D:3)
  4 ball pythons
  4 endoplasms (D:1)
  2 giant cockroaches
  9 goblins
  2 hobgoblins
  9 jackals (D:3)
  2 quokkas
  4 bats
  2 frilled lizards (D:1)
  4 kobolds
  6 rats
57 creatures vanquished.

Notes
Turn   | Place    | Note
-------+----------+-------------------------------------------
     0 | D:1      | qw the Minotaur Hexslinger began the quest for the Orb.
     0 | D:1      | Reached XP level 1. HP: 16/16 MP: 1/1
     0 | D:1      | 0 ||| qw: Version: 0.3-a-46-gb1f654a
     0 | D:1      | 0 ||| qw: Game counter: 2485
     0 | D:1      | 0 ||| qw: Melee chars always use a shield: true
     0 | D:1      | 0 ||| qw: God list: Okawaru
     0 | D:1      | 0 ||| qw: Allow faded altars: false
     0 | D:1      | 0 ||| qw: Do Orc after clearing Dungeon:15 true
     0 | D:1      | 0 ||| qw: Do second Lair branch before Depths: true
     0 | D:1      | 0 ||| qw: Lair rune preference: random
     0 | D:1      | 0 ||| qw: Goals: Normal
     0 | D:1      | 0 ||| PLANNING D:1-11
   150 | D:1      | Reached skill level 3 in Ranged Weapons
   173 | D:1      | Reached XP level 2. HP: 23/23 MP: 2/2
   329 | D:1      | You fall into a shaft and drop 1 floor!
   418 | D:2      | Reached XP level 3. HP: 29/29 MP: 3/3
   497 | D:2      | 497 ||| READING scroll labelled NERONE YMOGH.
   498 | D:2      | 498 ||| READING 2 scrolls labelled TIPTYCOUJY.
   499 | D:2      | 499 ||| READING 2 scrolls labelled NORHAW KEEFUIS.
   500 | D:2      | 500 ||| READING scroll labelled PIPSAR LORACS.
   500 | D:2      | Identified a scroll of acquirement
   500 | D:2      | 500 ||| ACQUIRING +0 pair of boots of Quech {rF+ Str+2 SInv
                  | Stlth+}
   500 | D:2      | Acquired the +0 pair of boots of Quech {rF+ Str+2 SInv
                  | Stlth+}
   502 | D:2      | 502 ||| UPGRADING to +0 pair of boots of Quech {rF+ Str+2
                  | SInv Stlth+}.
   507 | D:2      | 507 ||| READING scroll labelled SAUSO IVVUF.
   565 | D:2      | Reached skill level 4 in Ranged Weapons
   669 | D:2      | 669 ||| UPGRADING to amulet of regeneration.
   674 | D:2      | 674 ||| READING scroll labelled ETUITEU EFYANK.
   675 | D:2      | 675 ||| DROPPING scroll of poison.
   678 | D:2      | 678 ||| FLEEEEING.
   683 | D:2      | 683 ||| FLEEEEING.
   688 | D:2      | 688 ||| FLEEEEING.
   689 | D:2      | 689 ||| FLEEEEING.
   691 | D:2      | 691 ||| FLEEEEING.
   693 | D:2      | 693 ||| FLEEEEING.
   694 | D:2      | 694 ||| FLEEEEING.
   695 | D:2      | 695 ||| FLEEEEING.
   696 | D:2      | 696 ||| FLEEEEING.
   697 | D:2      | 697 ||| FLEEEEING.
   698 | D:2      | 698 ||| FLEEEEING.
   699 | D:2      | 699 ||| FLEEEEING.
   700 | D:2      | 700 ||| FLEEEEING.
   701 | D:2      | 701 ||| FLEEEEING.
   702 | D:2      | 702 ||| FLEEEEING.
   703 | D:2      | 703 ||| FLEEEEING.
   704 | D:2      | 704 ||| FLEEEEING.
   705 | D:2      | 705 ||| FLEEEEING.
   706 | D:2      | 706 ||| FLEEEEING.
   707 | D:2      | 707 ||| FLEEEEING.
   708 | D:2      | 708 ||| FLEEEEING.
   709 | D:2      | 709 ||| FLEEEEING.
   710 | D:2      | 710 ||| FLEEEEING.
   711 | D:2      | 711 ||| FLEEEEING.
   712 | D:2      | 712 ||| FLEEEEING.
   713 | D:2      | 713 ||| FLEEEEING.
   714 | D:2      | 714 ||| FLEEEEING.
   715 | D:2      | 715 ||| FLEEEEING.
   716 | D:2      | 716 ||| FLEEEEING.
   717 | D:2      | 717 ||| FLEEEEING.
   718 | D:2      | 718 ||| FLEEEEING.
   719 | D:2      | 719 ||| FLEEEEING.
   720 | D:2      | 720 ||| FLEEEEING.
   721 | D:2      | 721 ||| FLEEEEING.
   722 | D:2      | 722 ||| FLEEEEING.
   723 | D:2      | 723 ||| FLEEEEING.
   724 | D:2      | 724 ||| FLEEEEING.
   726 | D:2      | 726 ||| FLEEEEING.
   727 | D:2      | 727 ||| FLEEEEING.
   728 | D:2      | 728 ||| FLEEEEING.
   729 | D:2      | 729 ||| FLEEEEING.
   730 | D:2      | 730 ||| FLEEEEING.
   731 | D:2      | 731 ||| FLEEEEING.
   732 | D:2      | 732 ||| FLEEEEING.
   733 | D:2      | 733 ||| FLEEEEING.
   734 | D:2      | 734 ||| FLEEEEING.
   735 | D:2      | 735 ||| FLEEEEING.
   736 | D:2      | 736 ||| FLEEEEING.
   737 | D:2      | 737 ||| FLEEEEING.
   738 | D:2      | 738 ||| FLEEEEING.
   739 | D:2      | 739 ||| FLEEEEING.
   740 | D:2      | 740 ||| FLEEEEING.
   741 | D:2      | 741 ||| FLEEEEING.
   742 | D:2      | 742 ||| FLEEEEING.
   743 | D:2      | 743 ||| FLEEEEING.
   744 | D:2      | 744 ||| FLEEEEING.
   745 | D:2      | 745 ||| FLEEEEING.
   746 | D:2      | 746 ||| FLEEEEING.
   747 | D:2      | 747 ||| FLEEEEING.
   748 | D:2      | 748 ||| FLEEEEING.
   749 | D:2      | 749 ||| FLEEEEING.
   750 | D:2      | 750 ||| FLEEEEING.
   751 | D:2      | 751 ||| FLEEEEING.
   752 | D:2      | 752 ||| FLEEEEING.
   753 | D:2      | 753 ||| FLEEEEING.
   754 | D:2      | 754 ||| FLEEEEING.
   755 | D:2      | 755 ||| FLEEEEING.
   756 | D:2      | 756 ||| FLEEEEING.
   757 | D:2      | 757 ||| FLEEEEING.
   758 | D:2      | 758 ||| FLEEEEING.
   759 | D:2      | 759 ||| FLEEEEING.
   760 | D:2      | 760 ||| FLEEEEING.
   761 | D:2      | 761 ||| FLEEEEING.
   762 | D:2      | 762 ||| FLEEEEING.
   763 | D:2      | 763 ||| FLEEEEING.
   764 | D:2      | 764 ||| FLEEEEING.
   765 | D:2      | 765 ||| FLEEEEING.
   766 | D:2      | 766 ||| FLEEEEING.
   767 | D:2      | 767 ||| FLEEEEING.
   768 | D:2      | 768 ||| FLEEEEING.
   769 | D:2      | 769 ||| FLEEEEING.
   770 | D:2      | 770 ||| FLEEEEING.
   771 | D:2      | 771 ||| FLEEEEING.
   772 | D:2      | 772 ||| FLEEEEING.
   773 | D:2      | 773 ||| FLEEEEING.
   774 | D:2      | 774 ||| FLEEEEING.
   775 | D:2      | 775 ||| FLEEEEING.
   776 | D:2      | 776 ||| FLEEEEING.
   777 | D:2      | 777 ||| FLEEEEING.
   778 | D:2      | 778 ||| FLEEEEING.
   779 | D:2      | 779 ||| FLEEEEING.
   780 | D:2      | 780 ||| FLEEEEING.
   781 | D:2      | 781 ||| FLEEEEING.
   782 | D:2      | 782 ||| FLEEEEING.
   783 | D:2      | 783 ||| FLEEEEING.
   784 | D:2      | 784 ||| STAIRDANCE
  1287 | D:2      | 1287 ||| UPGRADING to +0 pair of gloves.
  1292 | D:2      | 1292 ||| READING scroll of enchant armour.
  1292 | D:2      | 1292 ||| ENCHANTING +0 pair of gloves.
  1293 | D:2      | 1293 ||| READING 2 scrolls labelled FIOMMO ONTU.
  1394 | D:2      | 1394 ||| DRINKING 2 purple potions.
  1399 | D:2      | 1399 ||| STAIRDANCE
  1501 | D:1      | 1501 ||| DROPPING scroll of silence.
  1502 | D:1      | 1502 ||| DROPPING potion of berserk rage.
  1567 | D:3      | Found a shimmering blue altar of Sif Muna.
  1575 | D:3      | Reached XP level 4. HP: 36/36 MP: 4/4
  1718 | D:3      | Found a runed translucent door.
  1719 | D:3      | Noticed Crazy Yiuf
  1751 | D:3      | 1751 ||| FLEEEEING.
  1759 | D:3      | Reached skill level 5 in Ranged Weapons
  1769 | D:3      | HP: 2/36 [orc priest/divine providence (13)]
  1770 | D:3      | 1770 ||| READING scroll of teleportation.
  1771 | D:3      | Killed from afar by an orc priest

Levels and vault maps discovered:
D:1:      saegor_arrival_simple_e, layout_rooms, minmay_split_cup_small
D:2:      layout_loops_ring, minmay_tiny_reverse_x
D:3:      minmay_diamond_boxcup, layout_basic, mainiacjoe_overflow_alcove_1,
          uniq_crazy_yiuf_cottage

Skill      XL: |  1  2  3  4 |
---------------+-------------+-----
Ranged Weapons | 3 4 5 |  5.0
Fighting       | 2 |  2.1
Dodging        | |  2.1
Spellcasting   | |  1.0
Hexes          | |  2.0

Action                     |  1- 3 |  4- 6 || total
---------------------------+-------+-------++-------
   Fire: Sling             |    94 |    67 ||   161
    Use: Scroll            |     8 |     1 ||     9
         Potion            |     1 |       ||     1
 Armour: Robe              |     3 |    19 ||    22
  Dodge: Dodged            |    26 |    27 ||    53

Table legend:
 A = Non-vault XP
 B = Vault XP
 C = Vault XP percentage of total XP
 D = Non-vault monster count
 E = Vault monster count
 F = Vault count percentage of total count
                 A         B        C        D         E       F
            +---------+---------+-------+---------+---------+-------
      Total |     134 |       8 |   5.6 |      52 |       5 |   8.8
            +---------+---------+-------+---------+---------+-------
        D:1 |      29 |       5 |  14.7 |      18 |       3 |  14.3
        D:2 |      54 |       3 |   5.3 |      16 |       2 |  11.1
        D:3 |      51 |       0 |   0.0 |      18 |       0 |   0.0
            +---------+---------+-------+---------+---------+-------
